AoeStats
← KootH.

Hideout

503718959Analyzed
4v4 RM · 1mo ago on Sep 2, 2026· 49m 26s· 8 players
Game mode
Random Map
Map size
Large (8 player)
Population
200
Speed
Normal
Resources
Standard
Victory
Conquest
Starting age
Dark Age
Ending age
Imperial Age
RankedLock teamsTeams togetherTeam positionsShared explorationLock speedFull tech treeHidden civsTurbo modeCheats
Victory
Defeat
🇨🇴 Persians · Colombia
1535
+14
🇨🇳 Wei · China
1534
+14
🇨🇴 Ethiopians · Colombia
1531
+14
🇨🇴 Malay · Colombia
1530
+14
🇺🇸 Saracens · United States
1542
-16
🇺🇸 Inca · United States
1526
-16
🇺🇸 Ethiopians · United States
1466
-13
🇺🇸 Koreans · United States
1399
-10
enzoyin68
8:30 Feudal Age
9:21 Double-Bit Axe
9:43 Horse Collar
14:37 Wheelbarrow
20:02 Castle Age
18:29 Gold Mining
19:24 Bloodlines
19:21 Scale Barding Armor
20:07 Forging
21:07 Bow Saw
21:00 Heavy Plow
20:55 Light Cavalry
22:08 Husbandry
24:36 Chain Barding Armor
26:07 Iron Casting
30:22 Hand Cart
34:36 Imperial Age
33:24 Gold Shaft Mining
32:45 Stone Mining
35:07 Heavy Hei Guang Cavalry
36:48 Blast Furnace
36:54 Chemistry
36:54 Tuntian
37:51 Ming Guang Armor
39:16 Conscription
39:40 Caravan
40:27 Pikeman
41:07 Squires
43:10 Halberdier
43:51 Scale Mail Armor
45:18 Capped Ram
48:48 Hoardings
48:30 Chain Mail Armor
47:47 Man-at-Arms
48:37 Halberdier
49:36 Fletching
49:46 Padded Archer Armor
Panelo
6:09 Loom
8:31 Feudal Age
9:10 Double-Bit Axe
10:44 Fletching
11:56 Horse Collar
20:42 Castle Age
19:37 Gold Mining
21:53 Wheelbarrow
20:52 Crossbowman
21:41 Bodkin Arrow
21:57 Bow Saw
24:11 Padded Archer Armor
27:04 Heavy Plow
34:24 Imperial Age
36:26 Chemistry
35:46 Ballistics
35:09 Capped Ram
36:44 Bracer
37:00 Leather Archer Armor
37:51 Thumb Ring
38:27 Gold Shaft Mining
37:43 Stone Mining
37:50 Arbalester
40:22 Two-Man Saw
41:01 Ring Archer Armor
43:12 Caravan
45:23 Hand Cart
47:22 Town Watch
49:56 Conscription
KootH.
9:34 Feudal Age
13:39 Castle Age
11:37 Double-Bit Axe
12:15 Horse Collar
18:20 Bow Saw
21:26 Heavy Plow
25:00 Wheelbarrow
24:11 Loom
28:27 Imperial Age
26:59 Gold Mining
26:59 Stone Mining
27:47 Scale Barding Armor
27:53 Forging
28:38 Husbandry
28:53 Bloodlines
29:33 Crop Rotation
28:40 Light Cavalry
29:01 Cavalier
29:47 Hussar
30:44 Hand Cart
31:30 Iron Casting
31:45 Caravan
32:15 Coinage
32:52 Gold Shaft Mining
32:53 Stone Shaft Mining
32:43 Savar
33:52 Chain Barding Armor
35:38 Plate Barding Armor
36:04 Blast Furnace
40:20 Heavy Camel Rider
43:55 Conscription
Istar
5:01 Loom
8:03 Feudal Age
7:47 Double-Bit Axe
11:19 Horse Collar
15:53 Wheelbarrow
16:38 Town Watch
19:50 Castle Age
19:37 Heavy Plow
19:57 Bow Saw
21:06 Hand Cart
26:35 Gold Mining
30:44 Imperial Age
28:57 Town Patrol
28:52 Fletching
29:20 Padded Archer Armor
29:22 Stone Mining
29:41 Bodkin Arrow
31:43 Chemistry
31:18 Ballistics
31:16 Bracer
31:05 Crossbowman
32:39 Leather Archer Armor
32:11 Arbalester
33:55 Gold Shaft Mining
33:40 Thumb Ring
34:09 Masonry
35:38 Siege Engineers
36:29 Conscription
36:59 Guard Tower
38:07 Ring Archer Armor
38:55 Keep
38:01 Treadmill Crane
40:01 Caravan
43:03 Murder Holes
44:06 Crop Rotation
HRA | TheRevMiracle
5:02 Loom
8:02 Loom
10:23 Feudal Age
11:12 Double-Bit Axe
15:02 Castle Age
22:54 Horse Collar
28:21 Scale Mail Armor
28:35 Bow Saw
29:36 Forging
29:51 Gold Mining
31:22 Wheelbarrow
31:32 Town Watch
33:07 Chain Mail Armor
35:05 Iron Casting
37:36 Squires
38:32 Heavy Plow
40:06 Stone Mining
44:36 Imperial Age
42:44 Fletching
43:48 Padded Archer Armor
43:23 Elite Skirmisher
45:05 Bodkin Arrow
45:48 Ballistics
BucketsTTP
6:40 Loom
8:59 Feudal Age
9:52 Double-Bit Axe
9:49 Horse Collar
18:07 Castle Age
17:21 Fletching
19:46 Bodkin Arrow
19:27 Crossbowman
21:30 Wheelbarrow
22:21 Bow Saw
22:03 Gold Mining
25:23 Heavy Plow
26:11 Stone Mining
31:26 Imperial Age
30:42 Hand Cart
31:18 Padded Archer Armor
31:23 Town Watch
31:33 Capped Ram
31:59 Arbalester
32:58 Thumb Ring
32:59 Bracer
33:45 Siege Engineers
34:45 Chemistry
34:47 Siege Ram
36:23 Ballistics
36:20 Leather Archer Armor
38:12 Champi Runner
38:53 Scale Mail Armor
39:15 Forging
38:35 Pikeman
38:59 Champi Warrior
39:54 Squires
40:19 Chain Mail Armor
40:35 Conscription
40:20 Elite Champi Warrior
42:26 Plate Mail Armor
43:10 Crop Rotation
43:28 Iron Casting
43:24 Ring Archer Armor
43:07 Masonry
45:25 Caravan
46:13 Guilds
JadeArrowGamer
10:57 Feudal Age
12:19 Double-Bit Axe
14:57 Castle Age
12:46 Horse Collar
14:27 Gold Mining
15:40 Bloodlines
16:13 Scale Barding Armor
19:10 Loom
23:42 Wheelbarrow
25:41 Heavy Plow
25:54 Bow Saw
27:18 Hand Cart
28:08 Town Watch
31:46 Imperial Age
29:58 Chain Barding Armor
30:56 Forging
31:47 Heavy Camel Rider
33:03 Plate Barding Armor
33:42 Iron Casting
34:06 Conscription
36:03 Blast Furnace
35:40 Husbandry
38:24 Caravan
39:35 Elite Mameluke
43:54 Two-Man Saw
45:01 Fletching
47:04 Treadmill Crane
49:10 Ballistics
2rich4u81
8:16 Loom
11:49 Feudal Age
14:03 Double-Bit Axe
17:53 Castle Age
16:23 Horse Collar
16:44 Gold Mining
16:53 Stone Mining
18:47 Bow Saw
21:42 Heavy Plow
24:58 Fletching
49:36 Squires
49:26 Arson
Connection lost

Rejoining the realm…

Still unreachable

The connection could not be restored.

Session expired

The server has moved on; the page needs a fresh start.